 Dungeon Crawl Stone Soup version 0.30.0-17-ge0270778cf (webtiles) character file.

Game seed: 3012394115613148865

795 zazu2006 the Sneak (level 7, -3/53 HPs)
             Began as a Gnoll Wanderer on May 21, 2023.
             Slain by Duvessa
             ... wielding a +1 short sword of electrocution
              (12 damage)
             ... on level 4 of the Dungeon.
             The game lasted 00:12:04 (4771 turns).

zazu2006 the Sneak (Gnoll Wanderer)                 Turns: 4771, Time: 00:12:05

Health: -3/53      AC:  7    Str: 10    XL:     7   Next: 89%
Magic:  15/15      EV: 13    Int: 15    God:
Gold:   263        SH:  0    Dex: 17    Spells: 16/17 levels left

rFire   . . .        n - +1 dagger (venom)
rCold   . . .        (no shield)
rNeg    . . .        y - +1 robe {Archmagi}
rPois   .            d - +0 helmet
rElec   .            (no cloak)
rCorr   .            e - +2 pair of gloves
SInv    .            (no boots)
Will    .....        (no amulet)
Stlth   ++++         j - +6 ring of dexterity
HPRegen 0.28/turn    (no ring)
MPRegen 0.14/turn

%: archmagi
@: about to teleport
A: fangs 1, strong nose, distributed training
a: no special abilities


You were on level 4 of the Dungeon.
You visited 1 branch of the dungeon, and saw 4 of its levels.
You also visited: Sewer.

You collected 263 gold pieces.

Inventory:

Hand Weapons
 n - a +1 dagger of venom (weapon)
 o - a +3 dagger
 w - a +0 long sword
Armour
 c - a +0 robe
 d - a +0 helmet (worn)
 e - a +2 pair of gloves (worn)
 y - a +1 robe of the Archmagi (worn)
Jewellery
 j - a +6 ring of dexterity (left hand)
Scrolls
 f - 2 scrolls of teleportation
 h - 2 scrolls of poison
 k - a scroll of noise
 m - a scroll of enchant weapon
 q - a scroll of vulnerability
 x - a scroll of identify
Potions
 a - a potion of resistance {unknown}
 b - 2 potions of attraction
 g - a potion of cancellation {unknown}
 i - a potion of might {unknown}
 l - a potion of experience {unknown}
 p - 2 potions of ambrosia {unknown}
 r - 3 potions of mutation
 s - a potion of brilliance {unknown}
 t - a potion of degeneration {unknown}
 u - 2 potions of magic {unknown}
 v - 2 potions of haste {unknown}


   Skills:
 + Level 3.9 Fighting
 + Level 2.9 Short Blades
 + Level 2.9 Long Blades
 + Level 2.9 Axes
 + Level 2.9 Maces & Flails
 + Level 2.9 Polearms
 + Level 2.9 Staves
 + Level 2.9 Ranged Weapons
 + Level 2.9 Throwing
 + Level 2.9 Armour
 + Level 2.9 Dodging
 + Level 6.7 Stealth
 + Level 2.9 Shields
 + Level 2.9 Unarmed Combat
 + Level 5.8 Spellcasting
 + Level 2.3 Conjurations
 + Level 2.3 Hexes
 + Level 6.0 Summonings
 + Level 2.3 Necromancy
 + Level 2.3 Translocations
 + Level 2.3 Transmutations
 + Level 2.3 Fire Magic
 + Level 3.2 Ice Magic
 + Level 2.3 Air Magic
 + Level 2.3 Earth Magic
 + Level 2.3 Poison Magic
 + Level 3.2 Invocations
 + Level 2.9 Evocations


You had 16 spell levels left.
You knew the following spells:

 Your Spells              Type           Power      Damage    Failure   Level
a - Freeze                Ice            84%        1d9       4%          1

Your spell library contained the following spells:

 Spells                   Type           Power      Damage    Failure   Level
 Summon Small Mammal      Summ           100%       N/A       1%          1
 Call Canine Familiar     Summ           33%        N/A       3%          3
 Foxfire                  Conj/Fire      68%        2x1d7     6%          1
 Magic Dart               Conj           68%        1d6       6%          1
 Lesser Beckoning         Tloc           34%        N/A       9%          2
 Scorch                   Fire           34%        2d6       9%          2
 Frozen Ramparts          Ice            42%        1d7       12%         3
 Gell's Gravitas          Tloc           17%        N/A       17%         3
 Teleport Other           Tloc           17%        N/A       17%         3
 Summon Ice Beast         Ice/Summ       27%        N/A       22%         4
 Flame Wave               Conj/Fire      17%        2d7       50%         4
 Summon Cactus Giant      Summ           16%        N/A       89%         6


Dungeon Overview and Level Annotations

Branches:
Dungeon (4/15)              Sewer (visited)
 Temple: D:4-7

Altars:
Fedhas
Sif Muna
Trog

Shops:
D:3 =

Annotations:
D:4 Duvessa


Innate Abilities, Weirdness & Mutations

You have very sharp teeth.
Your uncanny sense of smell can sniff out nearby items.
Your experience applies equally to all skills.


Message History

You start removing your armour.
You continue taking off your +0 robe. x4
You finish taking off your +0 robe.
You start putting on your armour.
You continue putting on your +1 robe of the Archmagi. x5
You finish putting on your +1 robe of the Archmagi.
You feel powerful.
Okay, then.
Okay, then.
Duvessa, Sister of Dowan comes into view.
She is wielding a +1 short sword of electrocution.
You aren't carrying any items that you can evoke.
There is an empty arch of ancient stone here.
Found a runed war axe.
Found a bloodstained altar of Trog.
Duvessa goes berserk!
Duvessa rages.
You hit Duvessa.
Duvessa is lightly wounded.
Duvessa closely misses you. Duvessa barely misses you.
You closely miss Duvessa.
Duvessa is lightly wounded.
Duvessa hits you with a +1 short sword of electrocution!
You hit Duvessa but do no damage.
Duvessa is poisoned.
Duvessa is lightly wounded.
Duvessa hits you with a +1 short sword of electrocution!
You hit Duvessa but do no damage.
Duvessa looks as sick as possible!
You bite Duvessa, but do no damage.
Duvessa is lightly wounded.
Duvessa barely misses you.
You hit Duvessa but do no damage.
Duvessa looks as sick as possible!
Duvessa is lightly wounded.
Duvessa hits you with a +1 short sword of electrocution.
Duvessa misses you.
There is an empty arch of ancient stone here.
Okay, then.
As you read the scroll of teleportation, it crumbles to dust.
You feel strangely unstable. Duvessa barely misses you. x2
Duvessa attacks as you move away!
Duvessa hits you with a +1 short sword of electrocution! x2
* * * LOW HITPOINT WARNING * * *
You are electrocuted!
You die...

..#.....##############...#######
..#.##### ########...########
..#.# ####..........#.......
###.# #..##.......###.......
....# #####_).##......# #.......
########..##....##.....# #.......
...........###...##....###.......
............###e..##.............
.........#...#∩#@..#...###.......
.........##...###......###.......
.........###...###...............
.........# ##....##.....#.#......
.........# ##.)_###........#####
.........# #..# #'#..#.#.'#...
.........######### #.#......##.##
.................###.#......##.#
.).................#.#.#.....#.#


You could see Duvessa (berserk, extremely poisoned).

Vanquished Creatures
  Sigmund (D:2)
  A phantom (D:4)
  Blork the orc (D:4)
  2 scorpions (D:4)
  Dowan (D:4)
  4 jellies (Sewer)
  A sleepcap (D:4)
  5 adders
  2 river rats (Sewer)
  4 worms
  3 dart slugs
  8 orcs (D:4)
  10 endoplasms
  8 giant cockroaches
  8 goblins
  12 hobgoblins
  3 jackals (D:2)
  12 kobolds
  2 quokkas
  11 ball pythons
  6 bats
  5 frilled lizards
  11 rats
121 creatures vanquished.

Notes
Turn   | Place    | Note
-------+----------+-------------------------------------------
     0 | D:1      | zazu2006 the Gnoll Wanderer began the quest for the Orb.
     0 | D:1      | zazu2006 set off with the following items: a +0 dagger, a
                  | potion of attraction, a +0 robe, a +0 helmet; and the
                  | following spells available to memorise: Summon Small
                  | Mammal, Call Canine Familiar, Freeze, Frozen Ramparts,
                  | Summon Ice Beast.
     0 | D:1      | Reached XP level 1. HP: 17/17 MP: 6/6
    42 | D:1      | Learned a level 1 spell: Freeze
   197 | D:1      | Reached XP level 2. HP: 23/23 MP: 5/7
   826 | D:1      | Reached skill level 5 in Spellcasting
   826 | D:1      | Reached XP level 3. HP: 28/28 MP: 6/9
  1264 | D:2      | Reached skill level 1 in Invocations
  1473 | D:2      | Reached skill level 1 in Short Blades
  1473 | D:2      | Reached skill level 1 in Long Blades
  1473 | D:2      | Reached skill level 1 in Axes
  1473 | D:2      | Reached skill level 1 in Maces & Flails
  1473 | D:2      | Reached skill level 1 in Polearms
  1473 | D:2      | Reached skill level 1 in Staves
  1473 | D:2      | Reached skill level 1 in Ranged Weapons
  1473 | D:2      | Reached skill level 1 in Throwing
  1473 | D:2      | Reached skill level 1 in Armour
  1473 | D:2      | Reached skill level 1 in Dodging
  1473 | D:2      | Reached skill level 1 in Shields
  1473 | D:2      | Reached skill level 1 in Unarmed Combat
  1473 | D:2      | Reached skill level 1 in Evocations
  1629 | D:2      | Noticed Sigmund
  1655 | D:2      | Killed Sigmund
  1656 | D:2      | Reached skill level 1 in Conjurations
  1656 | D:2      | Reached skill level 1 in Hexes
  1656 | D:2      | Reached skill level 1 in Necromancy
  1656 | D:2      | Reached skill level 1 in Translocations
  1656 | D:2      | Reached skill level 1 in Transmutations
  1656 | D:2      | Reached skill level 1 in Fire Magic
  1656 | D:2      | Reached skill level 1 in Air Magic
  1656 | D:2      | Reached skill level 1 in Earth Magic
  1656 | D:2      | Reached skill level 1 in Poison Magic
  1656 | D:2      | Reached XP level 4. HP: 23/35 MP: 11/11
  1656 | D:2      | Reached XP level 5. HP: 27/41 MP: 12/12
  2313 | D:3      | Found a blossoming altar of Fedhas.
  2402 | D:3      | Reached XP level 6. HP: 44/47 MP: 9/13
  2852 | D:3      | Found Wosoycio's Jewellery Emporium.
  3246 | D:4      | Noticed Blork the orc
  3398 | D:4      | Found a glowing drain.
  3428 | D:4      | Reached XP level 7. HP: 39/52 MP: 15/15
  3429 | Sewer    | Entered a sewer
  3783 | Sewer    | Found a viscous altar of Jiyva.
  3795 | Sewer    | HP: 2/52 [acid (8)]
  4081 | D:4      | Killed Blork the orc
  4673 | D:4      | Found a shimmering blue altar of Sif Muna.
  4673 | D:4      | Noticed Dowan
  4689 | D:4      | Killed Dowan
  4758 | D:4      | Noticed Duvessa
  4762 | D:4      | Found a bloodstained altar of Trog.
  4771 | D:4      | Slain by Duvessa

Illustrated notes

Levels and vault maps discovered:
D:1:      dpeg_arrival_pits, layout_loops_corners
D:2:      layout_loops_ring, serial_bayou_pond_c,
          corexii_item_surrounded_by_moat, minmay_tromino_v7, uniq_sigmund
D:3:      layout_basic, marbit_many_paths, serial_shops, nicolae_shop_trees,
          saegor_snake_ambush
D:4:      layout_basic, nzn_overflow_gifts_of_might_and_magic,
          serial_co_window_serial, co_window_paths_b, co_window_paths_a,
          co_window_corner_a, co_window_paths_b, co_window_corner_a,
          co_window_corner_ca, co_window_corner_b, co_window_of_opportunity_b,
          co_window_corner_b, co_window_of_opportunity_b, co_window_broadway_a,
          co_window_4corner_b, co_window_paths_d, glass_columns_a,
          glass_columns_a, glass_columns_a, glass_columns_c,
          cheibrodos_sewer_entry_bend, glass_columns_a, uniq_blork_the_orc

Skill      XL: |  1  2  3  4  5  6  7 |
---------------+----------------------+-----
Ice Magic      | 2 3 |  3.2
Spellcasting   | 5 |  5.8
Stealth        | 6 |  6.7
Invocations    | 1 2 3 |  3.2
Short Blades   | 1 2 |  2.9
Long Blades    | 1 2 |  2.9
Axes           | 1 2 |  2.9
Maces & Flails | 1 2 |  2.9
Polearms       | 1 2 |  2.9
Staves         | 1 2 |  2.9
Ranged Weapons | 1 2 |  2.9
Throwing       | 1 2 |  2.9
Armour         | 1 2 |  2.9
Dodging        | 1 2 |  2.9
Shields        | 1 2 |  2.9
Unarmed Combat | 1 2 |  2.9
Evocations     | 1 2 |  2.9
Fighting       | 3 |  3.9
Conjurations   | 1 2 |  2.3
Hexes          | 1 2 |  2.3
Necromancy     | 1 2 |  2.3
Translocations | 1 2 |  2.3
Transmutations | 1 2 |  2.3
Fire Magic     | 1 2 |  2.3
Air Magic      | 1 2 |  2.3
Earth Magic    | 1 2 |  2.3
Poison Magic   | 1 2 |  2.3
Summonings     | 6 |  6.0

Action                     |  1- 3 |  4- 6 |  7- 9 || total
---------------------------+-------+-------+-------++-------
  Melee: Dagger            |    62 |   151 |   101 ||   314
         Bite              |     2 |    14 |    17 ||    33
         Punch             |       |     3 |     2 ||     5
   Cast: Freeze            |    46 |    19 |    19 ||    84
    Use: Potion            |     4 |       |     2 ||     6
         Scroll            |       |     5 |     2 ||     7
   Stab: Sleeping          |     4 |     8 |     6 ||    18
 Armour: Robe              |    19 |    46 |    27 ||    92
  Dodge: Dodged            |    73 |    65 |    51 ||   189
